AoeStats
← DontDoDrugsKids

Arena

508505136Analyzed
4v4 RM · 9d ago on Sep 22, 2026· 74m 36s· 8 players
Game mode
Random Map
Map size
Large (8 player)
Population
200
Speed
Normal
Resources
Standard
Victory
Conquest
Starting age
Dark Age
Ending age
Imperial Age
RankedLock teamsTeams togetherTeam positionsShared explorationLock speedFull tech treeHidden civsTurbo modeCheats
Victory
Defeat
🇩🇪 Persians · Germany
858
+11
🇩🇪 Britons · Germany
823
+12
🇮🇱 Byzantines · Israel
809
+13
🇨🇦 Khmer · Canada
790
+14
🇵🇱 Vietnamese · Poland
768
-13
🇮🇹 Japanese · Italy
747
-13
🇦🇷 Mongols · Argentina
726
-12
🇹🇷 Huns · Türkiye
722
-12
Malikestergok
1:55 Loom
10:34 Feudal Age
11:50 Wheelbarrow
11:01 Horse Collar
11:10 Double-Bit Axe
24:14 Castle Age
22:17 Stone Mining
23:55 Scale Mail Armor
24:06 Forging
24:18 Arson
25:32 Squires
26:48 Chain Mail Armor
28:50 Iron Casting
28:21 Scale Barding Armor
34:24 Bow Saw
34:32 Hand Cart
34:32 Heavy Plow
34:46 Pikeman
43:08 Chain Barding Armor
49:59 Caravan
50:30 Coinage
51:28 Husbandry
54:11 Imperial Age
55:13 Conscription
54:58 Marauders
54:19 Elite Tarkan
55:44 Plate Barding Armor
64:22 Blast Furnace
Kingslayers_
10:40 Feudal Age
15:56 Castle Age
13:58 Double-Bit Axe
19:39 Horse Collar
21:08 Bow Saw
24:44 Heavy Plow
25:25 Wheelbarrow
30:40 Imperial Age
28:37 Scale Mail Armor
28:48 Forging
30:33 Hand Cart
30:46 Arson
31:02 Squires
30:23 Pikeman
31:29 Chain Mail Armor
31:49 Iron Casting
33:44 Two-Man Saw
32:22 Halberdier
34:15 Plate Mail Armor
34:46 Blast Furnace
34:58 Kataparuto
36:28 Chemistry
35:50 Ballistics
35:55 Guard Tower
35:55 Arrowslits
37:19 Yasama
38:25 Murder Holes
38:51 Masonry
39:18 Keep
41:16 Fortified Wall
41:12 Siege Engineers
40:48 Treadmill Crane
Michayek
12:25 Feudal Age
16:55 Castle Age
15:15 Double-Bit Axe
16:48 Horse Collar
20:15 Fletching
22:15 Gold Mining
22:57 Heavy Plow
24:52 Wheelbarrow
25:30 Pikeman
26:36 Forging
28:13 Bow Saw
27:56 Stone Mining
28:52 Squires
30:36 Hand Cart
30:48 Ballistics
32:48 Iron Casting
32:13 Scale Mail Armor
32:20 Elite Skirmisher
34:50 Chatras
36:37 Thumb Ring
38:33 Padded Archer Armor
38:29 Bodkin Arrow
43:59 Imperial Age
42:14 Fortified Wall
41:45 Treadmill Crane
45:55 Chemistry
45:00 Bracer
45:15 Leather Archer Armor
48:11 Two-Man Saw
47:19 Halberdier
60:13 Elite Fire Lancer
60:23 Imperial Skirmisher
jcdmf0312
0:29 Loom
10:20 Feudal Age
11:41 Double-Bit Axe
20:04 Castle Age
18:58 Bloodlines
19:05 Horse Collar
20:07 Forging
22:09 Fletching
22:33 Stone Mining
22:37 Gold Mining
25:34 Husbandry
27:00 Bow Saw
26:54 Heavy Plow
29:29 Wheelbarrow
28:40 Town Watch
31:13 Hand Cart
31:00 Town Patrol
36:54 Imperial Age
35:00 Padded Archer Armor
35:44 Scale Barding Armor
35:35 Bodkin Arrow
37:26 Ballistics
37:24 Leather Archer Armor
37:30 Chain Barding Armor
37:44 Chain Barding Armor
38:44 Chemistry
38:56 Conscription
39:53 Gold Shaft Mining
39:54 Stone Shaft Mining
41:55 Elite Mangudai
45:13 Capped Ram
47:32 Heavy Camel Rider
50:20 Bracer
50:55 Iron Casting
50:21 Scale Mail Armor
59:21 Light Cavalry
60:11 Hussar
63:57 Blast Furnace
67:48 Pikeman
68:29 Squires
68:14 Arson
★秧★FISHY
1:15 Loom
15:40 Feudal Age
17:03 Wheelbarrow
16:13 Horse Collar
16:22 Double-Bit Axe
21:29 Castle Age
19:22 Stone Mining
19:58 Gold Mining
22:32 Bow Saw
22:41 Hand Cart
28:47 Heavy Plow
33:35 Imperial Age
33:33 Gold Shaft Mining
33:37 Stone Shaft Mining
36:26 Crop Rotation
37:56 Bloodlines
37:06 Light Cavalry
38:57 Fletching
39:18 Forging
39:14 Scale Barding Armor
39:33 Bodkin Arrow
40:59 Hussar
52:53 Conscription
52:03 Sappers
53:09 Hoardings
DontDoDrugsKids
11:00 Feudal Age
16:35 Castle Age
18:27 Double-Bit Axe
21:02 Bow Saw
22:14 Pikeman
23:21 Stone Mining
23:22 Gold Mining
23:48 Padded Archer Armor
26:04 Horse Collar
27:44 Leather Archer Armor
27:19 Fletching
27:08 Crossbowman
33:12 Squires
34:32 Heavy Plow
35:01 Bodkin Arrow
35:14 Scale Barding Armor
35:09 Scale Mail Armor
35:20 Forging
38:55 Imperial Age
38:55 Wheelbarrow
39:21 Elite Longbowman
40:30 Ballistics
41:10 Chemistry
41:58 Ring Archer Armor
41:28 Bracer
42:04 Iron Casting
41:45 Chain Mail Armor
41:50 Chain Barding Armor
43:07 Halberdier
45:17 Two-Man Saw
44:39 Hand Cart
68:39 Plate Barding Armor
68:34 Plate Mail Armor
69:30 Blast Furnace
71:29 Spies/Treason
MVXD
9:12 Feudal Age
13:30 Castle Age
11:53 Double-Bit Axe
12:21 Horse Collar
16:06 Bow Saw
16:55 Gold Mining
17:33 Scale Barding Armor
19:31 Gold Shaft Mining
20:14 Husbandry
20:53 Town Watch
21:33 Bloodlines
23:28 Wheelbarrow
25:19 Loom
26:47 Chain Barding Armor
28:59 Hand Cart
30:09 Heavy Plow
30:21 Stone Mining
30:37 Stone Mining
34:11 Imperial Age
32:44 Stone Shaft Mining
32:48 Herbal Medicine
33:23 Town Patrol
33:55 Cavalier
35:36 Plate Barding Armor
35:11 Forging
35:29 Savar
37:45 Two-Man Saw
38:44 Iron Casting
41:53 Heavy Camel Rider
43:37 Blast Furnace
45:37 Guilds
45:58 Coinage
45:28 Caravan
48:40 Elite War Elephant
49:32 Citadels
50:50 Banking
50:20 Caravan
52:27 Kamandaran
52:19 Fletching
52:29 Padded Archer Armor
53:15 Crossbowman
54:00 Thumb Ring
54:58 Bodkin Arrow
55:19 Leather Archer Armor
55:26 Ballistics
56:07 Chemistry
56:40 Sappers
57:30 Conscription
58:41 Ring Archer Armor
58:13 Scale Mail Armor
66:44 Hoardings
71:06 Spies/Treason
Nimble
7:58 Loom
10:28 Feudal Age
11:02 Double-Bit Axe
12:32 Horse Collar
18:15 Castle Age
21:25 Bow Saw
23:15 Heavy Plow
28:10 Wheelbarrow
31:04 Stone Mining
31:04 Gold Mining
34:24 Imperial Age
34:12 Gold Shaft Mining
34:19 Stone Shaft Mining
36:05 Chemistry
36:19 Two-Man Saw
35:48 Pikeman
37:01 Hand Cart
39:06 Bombard Tower
40:00 Ballistics
39:39 Murder Holes
40:39 Crop Rotation
40:22 Fletching
40:34 Halberdier
41:52 Conscription
41:56 Treadmill Crane
42:26 Fortified Wall
42:07 Guard Tower
42:02 Arrowslits
44:48 Keep
45:33 Padded Archer Armor
45:28 Bodkin Arrow
44:57 Elite Skirmisher
46:57 Leather Archer Armor
47:21 Bracer
48:45 Squires
49:13 Scale Mail Armor
49:23 Forging
50:06 Gold Shaft Mining
50:38 Gambesons
52:29 Arson
58:27 Chain Mail Armor
58:47 Iron Casting
60:27 Plate Mail Armor
60:32 Iron Casting
60:28 Ring Archer Armor
66:01 Caravan
Connection lost

Rejoining the realm…

Still unreachable

The connection could not be restored.

Session expired

The server has moved on; the page needs a fresh start.